 Dungeon Crawl Stone Soup version 0.28.0 (webtiles) character file.

Game seed: 3051218365594667921

68215 a3don the Fighter (level 14, -11/121 HPs)
             Began as a Palentonga Fighter on Feb 8, 2022.
             Was a High Priest of Elyvilon.
             Mangled by Rupert (18 damage)
             ... on level 14 of the Dungeon.
             The game lasted 01:40:08 (36436 turns).

a3don the Fighter (Palentonga Fighter)             Turns: 36436, Time: 01:40:09

Health: -11/121    AC: 26    Str: 23    XL:     14   Next: 85%
Magic:  3/22       EV:  6    Int: 10    God:    Elyvilon [*****.]
Gold:   973        SH:  6    Dex: 10    Spells: 13/24 levels left

rFire   . . .      SeeInvis +   a - +1 double sword of Symmetry {flame, rC+}
rCold   + + .      Faith    .   c - +1 buckler
rNeg    . . .      Spirit   .   B - +1 leather armour {rF+}
rPois   .          Reflect  .   R - +0 helmet {SInv}
rElec   .          Harm     .   K - +2 cloak
rCorr   .          Rampage  .   (no gloves)
Will    ++...                   M - +3 barding
Stlth   +.........              F - amulet of the acrobat
HPRegen 0.30/turn               m - ring of willpower
MPRegen 0.18/turn               O - ring of ice

@: on blink cooldown, very slightly contaminated, curled up
A: large, rugged brown scales 3, see invisible, deformed body, roll 1, armoured
tail, reflexive curl
a: Rolling Charge, Renounce Religion, Purification, Heal Other, Heal Self,
Divine Vigour


You were on level 14 of the Dungeon.
You worshipped Elyvilon.
Elyvilon was extremely pleased with you.
You visited 2 branches of the dungeon, and saw 21 of its levels.
You visited the Abyss 1 time.

You collected 1379 gold pieces.
You spent 406 gold pieces at shops.

Inventory:

Hand Weapons
 a - the +1 double sword of Symmetry (weapon) {flame, rC+}
   (You acquired it on level 6 of the Dungeon)

   It burns those it strikes, dealing additional fire damage.
   Big, fiery blades are also staple armaments of hydra-hunters.
   rC:        It protects you from cold.
 b - a +0 hunting sling
 N - a +2 whip of electrocution
Missiles
 f - 2 curare-tipped darts
 i - 15 boomerangs
 k - 13 poisoned darts
 s - 56 sling bullets
 I - 6 boomerangs of dispersal
 U - a throwing net
Armour
 c - a +1 buckler (worn)
 h - the +8 plate armour of the Kraken {rF- Str+5}
   (You found it on level 5 of the Lair of Beasts)

   Str:       It affects your strength (+5).
   rF:        It makes you vulnerable to fire.
 n - +0 acid dragon scales
 B - a +1 leather armour of fire resistance (worn)
 K - a +2 cloak (worn)
 M - a +3 barding (worn)
 R - a +0 helmet of see invisible (worn)
 Z - the +5 leather armour of Makhleb {Harm rF+ Dex-2 Stlth+}
   (You bought it in a shop on level 7 of the Dungeon)

   Dex:       It affects your dexterity (-2).
   rF:        It protects you from fire.
   Harm:      It increases damage dealt and taken.
   Stlth:     It makes you more stealthy.
Jewellery
 m - a ring of willpower (left hand)
 q - a ring of protection from cold
 r - a +4 ring of protection
 t - a ring of positive energy
 F - an amulet of the acrobat (around neck)
 G - a ring of poison resistance
 O - a ring of ice (right hand)
 S - a +4 ring of slaying
 T - a ring of flight
Wands
 j - a wand of acid (3)
 l - a wand of paralysis (18)
 x - a wand of mindburst (19)
 D - a wand of iceblast (27)
 L - a wand of flame (39)
 Q - a wand of polymorph (1)
Scrolls
 d - 2 scrolls of enchant weapon
 g - a scroll of silence
 w - a scroll of identify
 y - a scroll of fear {unknown}
 V - a scroll of vulnerability {unknown}
 W - 4 scrolls of amnesia
 X - 3 scrolls of fog
 Y - a scroll of summoning
Potions
 e - 2 potions of resistance
 o - 4 potions of attraction
 p - 3 potions of lignification
 u - 2 potions of curing
 v - a potion of invisibility {unknown}
 z - 2 potions of heal wounds
 A - a potion of flight {unknown}
 C - a potion of ambrosia {unknown}
 P - 6 potions of brilliance
Miscellaneous
 E - a box of beasts (inert)
 H - a phial of floods (inert)


   Skills:
 + Level 11.8 Fighting
 + Level 10.4 Long Blades
 - Level 3.0 Slings
 - Level 7.6 Armour
 - Level 8.0 Shields
 - Level 5.8 Spellcasting
 - Level 2.9 Conjurations
 * Level 6.0 Summonings
 + Level 3.0 Translocations
 * Level 8.6 Ice Magic
 + Level 11.7 Invocations


You had 13 spell levels left.
You knew the following spells:

 Your Spells              Type           Power      Damage    Failure   Level
a - Magic Dart            Conj           32%        1d4       9%          1
b - Frozen Ramparts       Ice            60%        1d8       2%          3
c - Summon Ice Beast      Ice/Summ       26%        N/A       14%         4
d - Blink                 Tloc           18%        N/A       12%         2
e - Slow                  Hex            8%         N/A       28%         1

Your spell library contained the following spells:

 Spells                   Type           Power      Damage    Failure   Level
 Summon Small Mammal      Summ           56%        N/A       2%          1
 Call Canine Familiar     Summ           14%        N/A       7%          3
 Apportation              Tloc           18%        N/A       8%          1
 Searing Ray              Conj           16%        2d5       12%         2
 Static Discharge         Conj/Air       5%         N/A       22%         2
 Lesser Beckoning         Tloc           9%         N/A       24%         3
 Summon Guardian Golem    Hex/Summ       8%         N/A       24%         3
 Animate Skeleton         Necr           4%         N/A       28%         1
 Pain                     Necr           8%         1d4       28%         1
 Corpse Rot               Necr/Air       4%         N/A       38%         2
 Portal Projectile        Hex/Tloc       10%        N/A       41%         3
 Ice Form                 Ice/Tmut       17%        N/A       43%         4
 Passage of Golubria      Tloc           9%         N/A       61%         4
 Confusing Touch          Hex            2%         N/A       63%         3
 Spider Form              Tmut/Pois      2%         N/A       63%         3
 Tukima's Dance           Hex            2%         N/A       63%         3
 Vampiric Draining        Necr           2%         2d6       63%         3
 Summon Lightning Spire   Summ/Air       8%         N/A       63%         4
 Fulminant Prism          Conj/Hex       2%         3d6       83%         4
 Manifold Assault         Tloc           9%         N/A       91%         5
 Iskenderun's Battlesphe  Conj           8%         2d6       92%         5
 Leda's Liquefaction      Hex/Erth       1%         N/A       95%         4
 Fireball                 Conj/Fire      2%         3d4       99%         5
 Lightning Bolt           Conj/Air       2%         1d14      99%         5
 Alistair's Intoxication  Tmut/Pois      1%         N/A       100%        5
 Yara's Violent Unravell  Hex/Tmut       1%         3d3       100%        5
 Conjure Ball Lightning   Conj/Air       2%         3x3d6     100%        6
 Eringya's Noxious Bog    Tmut/Pois      1%         N/A       100%        6
 Orb of Destruction       Conj           4%         9d5       100%        7
 Spellforged Servitor     Conj/Summ      5%         N/A       100%        7
 Storm Form               Tmut/Air       1%         N/A       100%        7
 Maxwell's Capacitive Co  Air            1%         ∞         100%        8


Dungeon Overview and Level Annotations

Branches:
Dungeon (15/15)            Temple (0/1) D:4            Lair (6/6) D:8
 Shoals (0/4) Lair:3        Snake (0/4) Lair:3        Slime (0/5) Lair:5
    Orc (0/2) D:12         Vaults (0/5) D:13
 Depths: D:15

Altars:
Ashenzari
Dithmenos
Elyvilon
Hepliaklqana
Makhleb
Okawaru
Qazlal
Ru
Sif Muna
Vehumet
Wu Jian
Yredelemnul
Zin
The Shining One
Jiyva

Shops:
D:4 =   D:7 [

Annotations:
D:10 1 runed translucent door, Urext's ghost, novice MiBe
D:14 Rupert
D:15 Kirke
Lair:2 3 runed translucent doors, tizbic2's ghost, journeyman KoBe
Lair:6 3 runed translucent doors, exclusion: oklob plant, Sede's ghost, journeyman HOFi


Innate Abilities, Weirdness & Mutations

You are completely covered in rugged brown scales. (AC +3, +7% HP)
You have supernaturally acute eyesight. (SInv)
Armour fits poorly on your strangely shaped body.
You can roll at nearby foes to attack.
You have a long armoured tail.
You curl defensively after being hit. (AC +7*)


Message History

Aim: Rupert, wielding a +2 great sword of holy wrath and wearing a +4 scale mail of fire resistance (severely wounded, berserk, ally target, chance to affect: 1%)
Okay, then.
Okay, then.
Press: ? - help, v - describe, . - travel
Here: Rupert, wielding a +2 great sword of holy wrath and wearing a +4 scale mail of fire resistance (severely wounded, berserk, ally target)
The floor.
Casting: Blink (safe; 12% risk of failure)
Confirm with . or Enter, or press ? or * to list all spells.
Aiming: Slow (safe; 28% risk of failure)
Press: ? - help, Shift-Dir - straight line, f - Rupert
Aim: Rupert, wielding a +2 great sword of holy wrath and wearing a +4 scale mail of fire resistance (severely wounded, berserk, ally target, chance to affect: 0%)
Okay, then.
Your ice beast barely misses Rupert.
Rupert hits your ice beast with a +2 great sword of holy wrath!!!
Your ice beast dies!
Your ice beast disappears in a puff of smoke!
Rupert shouts!
Casting: Slow (safe; 28% risk of failure)
Confirm with . or Enter, or press ? or * to list all spells.
You feel a surge of power!
You miscast Summon Ice Beast.
You are very lightly contaminated with residual magic.
You are covered in a thin layer of ice.
You resist.
* * * LOW HITPOINT WARNING * * *
Rupert hits you with a +2 great sword of holy wrath!!
* * * LOW HITPOINT WARNING * * *
Okay, then.
Okay, then.
You are healed.
You feel stable enough to blink again.
Rupert hits you with a +2 great sword of holy wrath!!!
* * * LOW HITPOINT WARNING * * *
Press: ? - help, Dir - move target, f - Rupert Heal: Rupert, wielding a +2 great sword of holy wrath and wearing a +4 scale mail of fire resistance (severely wounded, berserk, chance to pacify: 9%) Unknown command.
Okay, then.
Casting: Summon Ice Beast (dangerous; 14% risk of failure)
Confirm with . or Enter, or press ? or * to list all spells.
You blink.
Rupert hits you with a +2 great sword of holy wrath!!
You die...

#.......# #..###
#...$...# #..#..
#.......# ... #..#..
#.......#####....#..#..
#................#..#..
#................#..##'
#................#.....
#...§@...........#..###
###...@..........#..#..
#..............#..#..
#..............#..#..
#.......##'###.#..###
#.......#....#.'.....
###.....#....#.#.....
#.....#....########
#.....##.#..
##...........


You could see Rupert (berserk).

Vanquished Creatures
  3 boulder beetles
  A catoblepas (Lair:2)
  14 hydras
  Erica (D:8)
  5 two-headed ogres
  Nergalle (Lair:2)
  2 wizards
  A deep elf pyromancer (D:14)
  Pikel (D:9)
  A wolf spider (Lair:6)
  12 elephants
  A cyclops (D:12)
  8 black mambas
  A gargoyle (D:12)
  20 cane toads
  An unseen horror (D:10)
  8 rime drakes
  A kobold demonologist (D:8)
  A freezing wraith (D:14)
  18 komodo dragons
  A troll (D:12)
  A polar bear (Lair:4)
  A tyrant leech (Lair:2)
  2 blink frogs
  8 slime creatures (D:14)
  A meliai zombie (D:11)
  Sigmund (D:4)
  2 vampires (D:12)
  2 shadows
  7 wyverns
  60 yaks
  3 wraiths
  10 basilisks
  5 steam dragons
  2 vampire mosquitoes (D:5)
  2 swamp worms (Lair:2)
  2 acid dragons
  4 nameless horrors
  19 water moccasins
  5 orc warriors
  An ice beast (D:6)
  A sky beast (D:5)
  2 black bears
  A swamp drake (Lair:6)
  3 necrophages
  3 ogres
  3 centaurs
  18 wolves
  A phantom (D:4)
  14 bullfrogs
  2 scorpions
  A water moccasin skeleton (D:5)
  9 killer bees (D:9)
  3 wights (D:8)
  2 electric eels (D:8)
  2 howler monkeys (D:8)
  2 bullfrog zombies (D:5)
  3 centaur zombies
  11 hounds
  13 orc priests
  A jelly (D:8)
  A gnoll shaman (D:7)
  3 centaur skeletons
  A bullfrog skeleton (D:5)
  12 orc wizards
  5 iguanas
  2 hound skeletons (D:4)
  3 howler monkey zombies
  4 gnolls (D:7)
  9 adders
  2 shadow imps
  A white imp (D:5)
  3 worms
  5 dart slugs
  48 orcs
  5 ball pythons
  8 endoplasms
  A giant cockroach (D:2)
  4 hobgoblins
  2 jackals (D:3)
  8 kobolds
  6 quokkas
  3 bats
  4 frilled lizards
  10 goblins
  4 rats
489 creatures vanquished.

Vanquished Creatures (collateral kills)
  An ugly thing (D:15)
  A manticore (D:15)
  A cyclops (D:14)
  A troll (D:12)
  2 lava snakes (D:12)
  An orc priest (D:12)
  8 orcs (D:12)
15 creatures vanquished.

Vanquished Creatures (others)
  A swamp dragon (Lair:6)
  A wolf spider (Lair:6)
  A cane toad (Lair:6)
  2 rime drakes
  A nameless horror (Lair:6)
  A komodo dragon (Lair:6)
  A hornet (Lair:6)
  A polar bear (Lair:6)
  2 acid dragons (Lair:6)
  2 water moccasins (Lair:6)
  3 iguanas (Lair:6)
  An orc wizard (D:7)
  A howler monkey skeleton (D:7)
  A fire vortex (D:12)
  90 fungi
  122 plants
231 creatures vanquished.

Grand Total: 735 creatures vanquished

Notes
Turn   | Place    | Note
-------+----------+-------------------------------------------
     0 | D:1      | a3don the Palentonga Fighter began the quest for the Orb.
     0 | D:1      | Reached XP level 1. HP: 19/19 MP: 1/1
   431 | D:1      | Reached XP level 2. HP: 25/25 MP: 2/2
  1045 | D:2      | Reached XP level 3. HP: 31/31 MP: 3/3
  1070 | D:2      | Found a faded altar of an unknown god.
  1185 | D:2      | Reached XP level 4. HP: 23/38 MP: 4/4
  1507 | D:2      | Found a shimmering blue altar of Sif Muna.
  1813 | D:2      | Noticed a scorpion
  1826 | D:2      | Killed a scorpion
  1827 | D:2      | Reached XP level 5. HP: 35/44 MP: 4/6
  2133 | D:3      | Reached skill level 1 in Spellcasting
  2184 | D:3      | Found a white marble altar of Elyvilon.
  2194 | D:3      | Noticed an ogre
  2568 | D:2      | Learned a level 1 spell: Magic Dart
  3101 | D:3      | Reached XP level 6. HP: 16/51 MP: 8/8
  3383 | D:3      | Found a shimmering blue altar of Sif Muna.
  3499 | D:3      | Reached skill level 1 in Conjurations
  3978 | D:4      | Noticed Sigmund
  4001 | D:4      | Killed Sigmund
  4002 | D:4      | Gained mutation: You curl defensively after being hit. (AC
                  | +7*) [Palentonga growth]
  4002 | D:4      | Reached XP level 7. HP: 30/58 MP: 8/10
  4014 | D:4      | Found Guighapi's One-of-a-Kind Rings.
  4799 | D:4      | Found a glowing silver altar of Zin.
  4799 | D:4      | Noticed an angel
  5053 | D:3      | Became a worshipper of Elyvilon the Healer
  5323 | D:4      | Found a staircase to the Ecumenical Temple.
  5480 | D:5      | Entered Level 5 of the Dungeon
  5729 | D:5      | Reached skill level 5 in Fighting
  5737 | D:5      | Noticed a vampire mosquito
  5740 | D:5      | Noticed a vampire mosquito
  5754 | D:5      | Killed a vampire mosquito
  5755 | D:5      | Reached XP level 8. HP: 25/66 MP: 12/12
  5758 | D:5      | HP: 3/66 [vampire mosquito (10)]
  6198 | D:5      | Reached * piety under Elyvilon
  6776 | D:5      | Found a hazy altar of Hepliaklqana.
  6780 | D:5      | Got the Compendium of Mutagenic Flight
  6839 | D:5      | Reached skill level 1 in Invocations
  7077 | D:5      | Reached skill level 5 in Long Blades
  7459 | D:5      | Reached XP level 9. HP: 73/73 MP: 14/14
  8156 | D:6      | Identified a scroll of acquirement
  8157 | D:6      | Acquired the +1 double sword of Symmetry {flame, rC+}
  8339 | D:6      | Reached skill level 5 in Shields
  8433 | D:6      | Found a broken altar of Ashenzari.
  8434 | D:6      | Found a basalt altar of Yredelemnul.
  8436 | D:6      | Found a stormy altar of Qazlal.
  8436 | D:6      | Found a sacrificial altar of Ru.
  8474 | D:6      | Reached skill level 1 in Slings
  8501 | D:6      | Reached skill level 5 in Armour
  9001 | D:7      | Reached ** piety under Elyvilon
  9020 | D:7      | Found Wanuutup's Antique Armour Shop.
  9028 | D:7      | Bought a glowing helmet for 210 gold pieces
  9144 | D:7      | Reached skill level 5 in Invocations
  9291 | D:7      | Found a burning altar of Makhleb.
  9616 | D:7      | Found a radiant altar of Vehumet.
  9907 | D:8      | Found a staircase to the Lair.
  9950 | Lair:1   | Entered Level 1 of the Lair of Beasts
 10459 | D:8      | Noticed Erica
 10466 | D:8      | Killed Erica
 10467 | D:8      | Reached XP level 10. HP: 54/82 MP: 15/15
 10695 | D:8      | Noticed an elephant
 10705 | D:8      | Killed an elephant
 10764 | D:8      | Found a glowing golden altar of the Shining One.
 11012 | D:8      | Found a shadowy altar of Dithmenos.
 11013 | D:8      | Reached *** piety under Elyvilon
 11624 | Lair:1   | Noticed a seven-headed hydra
 11631 | Lair:1   | Noticed a cane toad
 11650 | Lair:1   | Noticed a cane toad
 12137 | D:8      | Killed a two-headed hydra
 12356 | D:8      | Killed a cane toad
 12359 | D:8      | Killed a cane toad
 12505 | D:8      | Reached XP level 11. HP: 89/89 MP: 17/17
 12881 | D:9      | Noticed a two-headed ogre
 14061 | Lair:2   | Reached **** piety under Elyvilon
 14227 | Lair:2   | Noticed Nergalle
 14230 | Lair:2   | Noticed a spectral orc warlord
 14232 | Lair:2   | Killed Nergalle
 14272 | Lair:2   | Found a runed translucent gate.
 14272 | Lair:2   | Found a runed translucent gate.
 14274 | Lair:2   | Found a runed translucent gate.
 14288 | Lair:2   | Noticed a minotaur
 14344 | Lair:2   | HP: 2/93 [komodo dragon (20)]
 14915 | Lair:2   | Reached skill level 1 in Ice Magic
 15703 | Lair:2   | Noticed a six-headed hydra
 15708 | Lair:2   | Killed a four-headed hydra
 15898 | Lair:2   | Learned a level 3 spell: Frozen Ramparts
 16578 | Lair:2   | Noticed a catoblepas
 16578 | Lair:2   | Noticed an eight-headed hydra
 16578 | Lair:2   | Noticed a seven-headed hydra
 16578 | Lair:2   | Noticed a catoblepas
 16579 | Lair:2   | Noticed a death yak
 17156 | Lair:2   | Killed a one-headed hydra
 17157 | Lair:2   | Reached XP level 12. HP: 52/101 MP: 18/18
 17381 | Lair:2   | Killed a catoblepas
 17686 | Lair:2   | Noticed tizbic2's ghost (journeyman KoBe)
 17701 | Lair:2   | Killed a three-headed hydra
 17732 | Lair:1   | Pacified a death yak
 19278 | Lair:3   | Found a staircase to the Snake Pit.
 19360 | Lair:3   | Noticed a five-headed hydra
 19374 | Lair:3   | Killed a two-headed hydra
 19437 | Lair:3   | Found a staircase to the Shoals.
 19717 | Lair:3   | Reached skill level 10 in Fighting
 20655 | Lair:3   | Noticed a five-headed hydra
 20672 | Lair:3   | Killed a two-headed hydra
 20741 | Lair:3   | Reached ***** piety under Elyvilon
 21632 | Lair:4   | Reached skill level 5 in Ice Magic
 21699 | Lair:4   | Noticed a five-headed hydra
 21709 | Lair:4   | Killed a two-headed hydra
 21814 | Lair:4   | Reached skill level 10 in Invocations
 22055 | Lair:4   | Reached XP level 13. HP: 111/111 MP: 16/20
 22402 | Lair:4   | Reached skill level 5 in Spellcasting
 22405 | Lair:4   | Reached skill level 1 in Summonings
 24314 | Lair:5   | Identified the +8 plate armour of the Kraken {rF- Str+5}
 25476 | Lair:5   | Found a viscous altar of Jiyva.
 25476 | Lair:5   | Found a staircase to the Slime Pits.
 26424 | Lair:6   | Entered Level 6 of the Lair of Beasts
 26558 | Lair:6   | Learned a level 4 spell: Summon Ice Beast
 26903 | Lair:6   | Noticed a fire dragon
 26908 | Lair:6   | Pacified a fire dragon
 27808 | Lair:6   | Reached XP level 14. HP: 115/120 MP: 22/22
 28239 | Lair:6   | Found a runed translucent gate.
 28239 | Lair:6   | Found a runed translucent gate.
 28239 | Lair:6   | Found a runed translucent gate.
 28700 | Lair:6   | Noticed Sede's ghost (journeyman HOFi)
 29558 | D:9      | Noticed Pikel
 29569 | D:9      | Killed Pikel
 30051 | D:9      | Learned a level 2 spell: Blink
 30053 | D:9      | Learned a level 1 spell: Slow
 30415 | D:10     | Entered Level 10 of the Dungeon
 30728 | D:10     | Cast into level 2 of the Abyss (a wizard)
 30762 | D:10     | Escaped the Abyss
 30765 | D:10     | Reached skill level 10 in Long Blades
 30964 | D:10     | Found a runed translucent door.
 30964 | D:10     | Noticed Urext's ghost (novice MiBe)
 31084 | D:10     | Found an iron altar of Okawaru.
 31567 | D:11     | Reached skill level 1 in Translocations
 31899 | D:11     | Reached skill level 5 in Summonings
 34263 | D:12     | Found a staircase to the Orcish Mines.
 35092 | D:7      | Bought a brightly glowing leather armour for 196 gold
                  | pieces
 35092 | D:7      | Identified the +5 leather armour of Makhleb {Harm rF+ Dex-2
                  | Stlth+} (You bought it in a shop on level 7 of the Dungeon)
 35243 | D:13     | Found a gate to the Vaults.
 35243 | D:13     | Noticed an ironbound preserver
 35262 | D:13     | You fall into a shaft and drop 2 floors!
 35262 | D:15     | Entered Level 15 of the Dungeon
 35262 | D:15     | Found an ornate altar of the Wu Jian Council.
 35343 | D:15     | Noticed Kirke
 35492 | D:15     | Found a broken altar of Ashenzari.
 36412 | D:14     | Noticed Rupert
 36421 | D:14     | Paralysed by Rupert for 3 turns
 36428 | D:14     | HP: 4/121 [Rupert (33)]
 36428 | D:14     | Elyvilon protects you from harm!
 36436 | D:14     | Mangled by Rupert

Illustrated notes

Levels and vault maps discovered:
D:1:      saegor_arrival_simple_e, layout_basic, serial_corexii_hall,
          chequers_hall_statues_corner_a, corexii_hall_statues_l,
          minmay_surrounded
D:2:      minmay_recursive_quarters, layout_loops_ring, basic_ecumenical_altar,
          basic_altar, chequers_serial_rivers_micro_a
D:3:      layout_rooms, nicolae_sif_muna_little_library,
          mainiacjoe_overflow_boulevard, amethyst_killhole,
          chequers_serial_rivers_small_3
D:4:      layout_loops_corners, zin_angel, minmay_temple_entry_fiery,
          minmay_misc_feat_pillars, chequers_serial_rivers_large_a,
          nicolae_shop_unique_rings, uniq_sigmund
D:5:      minmay_octagon_keep, layout_cave_pools,
          mainiacjoe_overflow_concentric_impassable
D:6:      layout_loops_corners, chequers_temple_overflow_statue_of_worship
D:7:      layout_basic, lemuel_doored_altar, fiery_altar_vehumet, serial_shops,
          nicolae_shop_competitors_out_of_business, chequers_mini_garden
D:8:      layout_loops_cross, mainiacjoe_overflow_paths,
          mainiacjoe_overflow_chevrons, david_lair_generic, kennysheep_donut,
          uniq_erica
D:9:      layout_roguey, chequers_hall_statues_y, nicolae_fountain_basement,
          uniq_pikel
D:10:     layout_rooms, okawaru_ov_weapons_minmay,
          hellmonk_ghost_happy_afterlife
D:11:     layout_cave_pools, minmay_misc_feat_nine_boxes,
          kennysheep_generic_room_2
D:12:     layout_small_grid, hiddenorc1_lemuel, kennysheep_big_empty_room
D:13:     layout_big_octagon, skrybe_vaults_entry_preservation, uniq_snorg,
          uniq_azrael
D:14:     layout_irregular_city, hangedman_decor_push, uniq_rupert
D:15:     grunt_enter_depths_hoard, layout_loops_ring, evilmike_ruin_ashenzari,
          chequers_hall_statues_wall_a, nicolae_wu_jian_wuxing_cycle, uniq_kirke
Lair:1:   layout_cave_pods
Lair:2:   nzn_winding_woodlands_cross [nzn_winding_woodlands_5x15_longhouse,
          nzn_winding_woodlands_5x15_sidewinder,
          nzn_winding_woodlands_5x15_concentric,
          nzn_winding_woodlands_5x15_jagged,
          nzn_winding_woodlands_15x15_killbox], layout_loops_ring,
          maelrawn_ghost_gauntlet_escape, worms_lemuel, uniq_nergalle
Lair:3:   layout_cave_pods, elwin_shoals_entry_rocks, dummy_snake_entry,
          kennysheep_basilisk_garden, grunt_megastairs_2
Lair:4:   layout_regular_city
Lair:5:   layout_cellular_growth, slime_altar_1, st_stairs_5,
          serial_bayou_pond_b, serial_bayou_shore_b, grunt_megastairs_4
Lair:6:   guppyfry_lair_end_dragon, layout_long_grid,
          hangedman_lair_tendril_chambers, gammafunk_ghost_necromancy,
          chequers_serial_rivers_small_3, lemuel_fruit_tree

Skill      XL: |  1  2  3  4  5  6  7  8  9 10 11 12 13 14 |
---------------+-------------------------------------------+-----
Shields        | 3 4 5 6 7 8 |  8.0
Long Blades    | 3 4 5 6 7 8 9 10 | 10.4
Armour         | 3 4 5 6 7 |  7.6
Spellcasting   | 1 2 3 4 5 |  5.8
Fighting       | 4 5 6 7 9 10 11 | 11.8
Conjurations   | 1 2 |  2.9
Invocations    | 3 6 8 9 10 11 | 11.7
Slings         | 2 3 |  3.0
Ice Magic      | 3 5 7 8 |  8.6
Summonings     | 3 6 |  6.0
Translocations | 3 |  3.0

Action                   |  1- 3 |  4- 6 |  7- 9 | 10-12 | 13-15 || total
-------------------------+-------+-------+-------+-------+-------++-------
Melee: Long sword        |    79 |   112 |   258 |       |       ||   449
       Tailslap          |    10 |    11 |    64 |    78 |   126 ||   289
       Double sword      |       |       |   170 |   514 |   652 ||  1336
 Fire: Hunting sling     |       |     2 |    26 |    16 |       ||    44
Throw: Dart              |       |       |       |     1 |       ||     1
 Cast: Frozen Ramparts   |       |       |       |    12 |    94 ||   106
       Summon Ice Beast  |       |       |       |       |    47 ||    47
       Blink             |       |       |       |       |     3 ||     3
       Slow              |       |       |       |       |     1 ||     1
Invok: Heal Other        |       |       |       |     1 |     9 ||    10
       Heal Self         |       |       |       |     1 |    10 ||    11
       Divine Vigour     |       |       |       |       |     2 ||     2
 Abil: Rolling Charge    |    18 |     9 |    12 |    22 |    19 ||    80
Evoke: Phial of floods   |       |       |     1 |       |     2 ||     3
       Wand              |       |       |       |     4 |     7 ||    11
       Box of beasts     |       |       |       |       |     1 ||     1
  Use: Scroll            |       |     4 |     8 |    12 |    14 ||    38
       Potion            |       |     1 |       |     2 |     2 ||     5
 Stab: Distracted        |       |       |       |       |     2 ||     2
Armor: Scale mail        |    40 |    34 |   247 |   223 |       ||   544
       Leather armour    |       |       |       |   224 |   581 ||   805
Dodge: Dodged            |    20 |    55 |   238 |   181 |   290 ||   784
Block: Buckler           |    15 |    20 |   139 |   179 |   248 ||   601
